[Event "Titled Tuesday Blitz February 14 Early 2023"]
[White "Timofeev, Artyom"]
[Black "Erdogdu, Mert"]
[WhiteFideId "4140419"]
[BlackFideId "6301495"]
[WhiteElo "2567"]
[BlackElo "2413"]
[Result "1-0"]
[Round "11"]
[TimeControl "180+2"]
[Date "2023.02.14"]
[WhiteClock "0:02:03"]
[BlackClock "0:01:22"]

1. e4 c5 2. Nf3 d6 3. d4 cxd4 4. Nxd4 Nf6 5. Nc3 a6 6. Be3 e6 7. Qf3 Qc7 8. O-O-O Nc6 9. Qg3 Bd7 10. f4 Rc8 11. Bd3 b5 12. Kb1 b4 13. Nce2 Nxd4 14. Bxd4 Qb7 15. Bxf6 gxf6 16. f5 e5 17. Qh4 Ke7 18. Ng3 h5 19. Nxh5 Rh6 20. g4 a5 21. Rhg1 a4 22. g5 fxg5 23. Rxg5 Ke8 24. Rg8 b3 25. Ng7# 1-0


[Site "https://www.chess.com"]

[Event "Titled Tuesday Blitz February 14 Early 2023"]
[White "Molina, Roberto Junio Brito"]
[Black "Dragnev, Valentin"]
[WhiteFideId "2109450"]
[BlackFideId "1634852"]
[WhiteElo "2403"]
[BlackElo "2593"]
[Result "1/2-1/2"]
[Round "11"]
[TimeControl "180+2"]
[Date "2023.02.14"]
[WhiteClock "0:00:17"]
[BlackClock "0:00:08"]

1. d4 d5 2. c4 e6 3. Nc3 Be7 4. cxd5 exd5 5. Bf4 c6 6. e3 Bd6 7. Bxd6 Qxd6 8. Bd3 Nf6 9. Qc2 O-O 10. h3 a5 11. a3 Na6 12. Nge2 Nc7 13. Rb1 Re8 14. O-O g6 15. b4 axb4 16. axb4 Bd7 17. b5 c5 18. dxc5 Qxc5 19. Rfc1 Ne6 20. Qb2 Qe7 21. Rd1 Red8 22. Bc2 Be8 23. Bb3 Ra5 24. Bxd5 Nc7 25. Bc4 Rxd1+ 26. Rxd1 Qc5 27. Bd3 Qa3 28. Rb1 Qxb2 29. Rxb2 Ra3 30. Bc4 Kf8 31. f3 Bd7 32. Kf2 Be6 33. b6 Ncd5 34. Bxd5 Bxd5 35. Nxd5 Nxd5 36. e4 Ne3 37. Rd2 Nc4 38. Rd7 Nxb6 39. Rxb7 Nc4 40. Rb4 Ne5 41. Rd4 h5 42. h4 Ra2 43. Ke3 Ra3+ 44. Kf4 Nd3+ 45. Kg3 Ra2 46. Rxd3 Rxe2 47. Rd7 Ra2 48. Rd1 Rb2 49. Rf1 Re2 50. Rf2 Re3 51. Kf4 Ra3 52. Rb2 Kg7 53. Rb7 Ra1 54. e5 Re1 55. Re7 Kf8 56. Rd7 Re2 57. g3 Re1 58. Rd5 Kg7 59. Kg5 Re3 60. Kf4 Re1 61. Rd4 Kf8 62. Re4 Ra1 63. Kg5 Kg7 64. e6 Ra5+ 65. Kf4 fxe6 66. Rxe6 Ra4+ 67. Re4 Ra5 68. Re5 Ra4+ 69. Kg5 Ra7 70. f4 Kh7 71. f5 gxf5 72. Rxf5 Rg7+ 73. Kf4 Kh6 74. Rf6+ Kh7 75. Rf8 Rg4+ 76. Kf3 Ra4 77. Rf4 Ra3+ 78. Kg2 Kg6 79. Rf3 Ra2+ 80. Rf2 Ra3 81. Rb2 Rc3 82. Kf2 Ra3 83. Re2 Rb3 84. Re3 Rb2+ 85. Kf3 Rb4 86. Re4 Rb1 87. Re6+ Kg7 88. Kf4 Rb4+ 89. Kf5 Rb5+ 90. Re5 Rb3 91. Kf4 Rb4+ 92. Kf5 Rb3 93. Kf4 Rb4+ 94. Re4 Rb3 95. Rd4 Kg6 96. Rd6+ Kg7 97. Rd4 Kg6 98. Rc4 Ra3 99. Rb4 Rc3 100. Rb6+ Kg7 101. Re6 Rc4+ 102. Ke3 Rc3+ 103. Kf2 Rc2+ 104. Kg1 Rc3 105. Kg2 Rc2+ 106. Kh3 Rc3 107. Re1 Rb3 108. Rf1 Kg6 109. Rd1 Ra3 110. Rd6+ Kg7 111. Rc6 Rb3 112. Rc5 Kg6 113. Rg5+ Kh6 114. Kg2 Ra3 115. Rf5 Kg6 116. Rf2 Rb3 117. Re2 Rc3 118. Kf2 Rb3 119. Re6+ Kg7 120. Re3 Rb2+ 121. Kf3 Rb4 122. Re4 1/2-1/2


[Site "https://www.chess.com"]

[Event "Titled Tuesday Blitz February 14 Early 2023"]
[White "Csonka, Balazs"]
[Black "Mendonca, Leon Luke"]
[WhiteFideId "742910"]
[BlackFideId "35028561"]
[WhiteElo "2496"]
[BlackElo "2603"]
[Result "0-1"]
[Round "11"]
[TimeControl "180+2"]
[Date "2023.02.14"]
[WhiteClock "0:00:02"]
[BlackClock "0:00:02"]

1. d4 Nf6 2. c4 e6 3. Nc3 Bb4 4. e3 O-O 5. Bd2 b6 6. Nf3 Bb7 7. Bd3 d6 8. O-O Nbd7 9. a3 Bxc3 10. Bxc3 Ne4 11. Be1 a5 12. b3 Qe7 13. Nd2 f5 14. f3 Nxd2 15. Qxd2 e5 16. Bc2 Qg5 17. dxe5 Rad8 18. exd6 Nf6 19. Bg3 Nh5 20. Be5 f4 21. exf4 Nxf4 22. Bxf4 Rxf4 23. Qe3 Rxd6 24. Rae1 Qf6 25. Qe7 Qxe7 26. Rxe7 Rf7 27. Bxh7+ Kf8 28. Rxf7+ Kxf7 29. Bc2 Bc8 30. Rd1 Rf6 31. Kf2 Be6 32. Rd4 Ke7 33. Ke3 Rh6 34. h4 Rh8 35. Kf2 Kf6 36. a4 Ke5 37. Re4+ Kd6 38. Ke3 Rh6 39. Kd2 Kc5 40. Kc3 Kd6 41. Rf4 Ke7 42. Re4 Kd6 43. g3 Rf6 44. f4 Kc6 45. Re3 Kd6 46. Re5 Bd7 47. Rg5 Rf7 48. Bg6 Re7 49. Kd2 Bc6 50. Bd3 Bf3 51. Rg6+ Kc5 52. Kc3 Bc6 53. h5 Bf3 54. h6 gxh6 55. Rxh6 Re3 56. Kd2 Re7 57. Rf6 Kb4 0-1


[Site "https://www.chess.com"]

[Event "Titled Tuesday Blitz February 14 Early 2023"]
[White "Seo, Jung Min"]
[Black "Korchmar, Vasiliy"]
[WhiteFideId "1734687"]
[BlackFideId "24131750"]
[WhiteElo "2494"]
[BlackElo "2438"]
[Result "0-1"]
[Round "11"]
[TimeControl "180+2"]
[Date "2023.02.14"]
[WhiteClock "0:01:50"]
[BlackClock "0:02:16"]

1. e4 c5 2. Nf3 d6 3. d4 cxd4 4. Nxd4 Nf6 5. Nc3 Nc6 6. Bc4 Qb6 7. Nxc6 bxc6 8. O-O g6 9. b3 Bg7 10. Na4 Qc7 11. Bb2 O-O 12. Bd3 d5 13. exd5 cxd5 14. Re1 Bd7 15. Rxe7 Rae8 16. Rxe8 Rxe8 17. Nc3 Ng4 18. g3 Bxc3 19. Bxc3 Qxc3 20. Bf1 Qf6 0-1


[Site "https://www.chess.com"]

[Event "Titled Tuesday Blitz February 14 Early 2023"]
[White "Belozerov, Andrei"]
[Black "Zemlyanskii, Ivan"]
[WhiteFideId "4120213"]
[BlackFideId "24249971"]
[WhiteElo "2461"]
[BlackElo "2300"]
[Result "0-1"]
[Round "11"]
[TimeControl "180+2"]
[Date "2023.02.14"]
[WhiteClock "0:00:02"]
[BlackClock "0:00:04"]

1. e4 Nc6 2. Nf3 d5 3. exd5 Qxd5 4. Nc3 Qd6 5. Bb5 Nf6 6. O-O Bf5 7. Re1 a6 8. Ba4 e6 9. d4 O-O-O 10. Bg5 Nxd4 11. Ne5 Bg6 12. Qc1 Qb6 13. Bb3 h6 14. Be3 Bd6 15. Na4 Qb4 16. Nxg6 fxg6 17. c3 Nxb3 18. axb3 Qh4 19. h3 g5 20. Nc5 g4 21. Ra4 Qh5 22. Nxe6 gxh3 23. Nxd8 Rxd8 24. gxh3 Qxh3 25. Bf4 Bxf4 26. Rxf4 Rd5 27. Re3 Rg5+ 28. Rg3 Rxg3+ 29. fxg3 Qxg3+ 30. Kf1 h5 31. Qd2 h4 32. Qf2 Qd3+ 33. Qe2 Qb1+ 34. Kg2 Kb8 35. Rd4 Qg6+ 36. Kh1 Qg3 37. Rd8+ Ka7 38. Qg2 Qe1+ 39. Qg1+ Qxg1+ 40. Kxg1 g5 41. Rf8 Ne4 42. Rf5 Kb6 43. Kg2 c5 44. Kf3 Nd2+ 45. Ke2 Nxb3 46. Rxg5 Na5 47. Kd3 h3 48. Rh5 Nc6 49. Rxh3 Kb5 50. Kc2 b6 51. Rh4 a5 52. Kb3 a4+ 53. Rxa4 Na5+ 54. Rxa5+ Kxa5 55. Kc4 Ka4 0-1


[Site "https://www.chess.com"]

[Event "Titled Tuesday Blitz February 14 Early 2023"]
[White "Bilych, Olexiy"]
[Black "Hansen, Sune Berg"]
[WhiteFideId "14156504"]
[BlackFideId "1400266"]
[WhiteElo "2441"]
[BlackElo "2517"]
[Result "1-0"]
[Round "11"]
[TimeControl "180+2"]
[Date "2023.02.14"]
[WhiteClock "0:00:22"]
[BlackClock "0:00:20"]

1. d4 Nf6 2. c4 g6 3. Nc3 Bg7 4. e4 d6 5. Be2 Nbd7 6. Nf3 e5 7. O-O O-O 8. Re1 h6 9. Bf1 Nh7 10. h3 Ng5 11. dxe5 Nxf3+ 12. Qxf3 Nxe5 13. Qd1 Be6 14. Nd5 c6 15. Ne3 f5 16. exf5 gxf5 17. f4 Ng6 18. Nd5 Re8 19. Nc3 Qh4 20. Kh2 Rad8 21. g3 Qf6 22. Be3 d5 23. cxd5 cxd5 24. Bf2 d4 25. Nb5 d3 26. Nc7 Qxb2 27. Qf3 Bd4 28. Kg1 d2 29. Red1 Bd5 30. Nxd5 Bxf2+ 31. Qxf2 1-0


[Site "https://www.chess.com"]

[Event "Titled Tuesday Blitz February 14 Early 2023"]
[White "Skliarov, Viktor"]
[Black "Barp, Alberto"]
[WhiteFideId "14106736"]
[BlackFideId "872555"]
[WhiteElo "2383"]
[BlackElo "2432"]
[Result "1-0"]
[Round "11"]
[TimeControl "180+2"]
[Date "2023.02.14"]
[WhiteClock "0:00:11"]
[BlackClock "0:00:40"]

1. e4 c5 2. Nf3 a6 3. c3 e6 4. d4 d5 5. e5 Bd7 6. Bd3 Nc6 7. a3 Nh6 8. Bxh6 gxh6 9. b4 cxd4 10. cxd4 f5 11. O-O Be7 12. Nc3 O-O 13. Rc1 Rc8 14. Qe2 Kh8 15. Kh1 Rg8 16. h3 Bg5 17. Rc2 Qe7 18. b5 Na5 19. bxa6 bxa6 20. Bxa6 Rc6 21. Bb5 Rcc8 22. a4 Nc4 23. Bxd7 Qxd7 24. Nb5 Be7 25. Ra2 Bb4 26. Rb1 Ba5 27. Kh2 f4 28. Qd3 Qg7 29. Rg1 Qf7 30. Raa1 Qh5 31. Nd6 Rc6 32. Nb7 Rc7 33. Nxa5 Nxa5 34. Qa6 Nc6 35. Qb6 Rcc8 36. a5 Qe8 37. a6 Rb8 38. Qc7 Rc8 39. Qd6 Rd8 40. Qc5 Qd7 41. Rgc1 Rc8 42. Qd6 Rg7 43. Qxd7 Rxd7 44. Rc5 Rdc7 45. a7 Nxa7 46. Rxa7 Rxc5 47. dxc5 1-0


[Site "https://www.chess.com"]

[Event "Titled Tuesday Blitz February 14 Early 2023"]
[White "Souleidis, Georgios"]
[Black "Ioannidis, Evgenios"]
[WhiteFideId "4206827"]
[BlackFideId "4229274"]
[WhiteElo "2419"]
[BlackElo "2467"]
[Result "1/2-1/2"]
[Round "11"]
[TimeControl "180+2"]
[Date "2023.02.14"]
[WhiteClock "0:00:13"]
[BlackClock "0:00:54"]

1. e4 e5 2. Nc3 Nc6 3. Nf3 Nf6 4. d4 exd4 5. Nxd4 Bb4 6. Nxc6 bxc6 7. Bd3 d5 8. exd5 O-O 9. O-O Bg4 10. f3 Bh5 11. Bg5 Qd6 12. Bxf6 Qxf6 13. dxc6 Bxc3 14. bxc3 Qxc6 15. Rb1 Qxc3 16. Qe1 Qa3 17. Rb5 Bg6 18. Ra5 Qb2 19. Bxg6 hxg6 20. Qf2 Qb6 21. Rd5 Rfe8 22. Rfd1 Re2 23. Qxb6 axb6 24. Rd8+ Rxd8 25. Rxd8+ Kh7 26. Rd7 Rxc2 27. Rxf7 b5 28. a3 Rc3 29. Rd7 c6 30. Rc7 c5 31. Rb7 Rb3 32. h4 c4 33. Kh2 c3 34. Kg3 Rb2 35. Rc7 Rb3 36. Rc5 Kg8 37. Kg4 Rb2 38. Rxc3 Rxg2+ 39. Kf4 Rb2 40. Kg5 Kh7 41. Kg4 Kh6 42. Rd3 Rg2+ 43. Kh3 Rc2 44. Kg4 Rc4+ 45. Kg3 Ra4 46. Rd5 Rxa3 47. Rxb5 1/2-1/2


[Site "https://www.chess.com"]

[Event "Titled Tuesday Blitz February 14 Early 2023"]
[White "Wagh Suyog"]
[Black "Kejna, Piotr"]
[WhiteFideId "25071688"]
[BlackFideId "21821704"]
[WhiteElo "2313"]
[BlackElo "2027"]
[Result "1-0"]
[Round "11"]
[TimeControl "180+2"]
[Date "2023.02.14"]
[WhiteClock "0:00:36"]
[BlackClock "0:00:03"]

1. e4 c5 2. Nf3 d6 3. Bb5+ Bd7 4. c4 Nf6 5. Nc3 g6 6. O-O Bg7 7. d4 cxd4 8. Nxd4 O-O 9. Bxd7 Qxd7 10. f3 Nc6 11. Be3 Rfc8 12. b3 Nxd4 13. Bxd4 Ne8 14. Rc1 Bxd4+ 15. Qxd4 Nf6 16. Rcd1 Qc6 17. Kh1 Qc5 18. Qd2 Kg7 19. Rfe1 Rc6 20. Re3 a6 21. Nd5 Nxd5 22. exd5 Rc7 23. Rde1 Re8 24. Re4 b5 25. b4 Qa7 26. c5 dxc5 27. d6 Rd7 28. Qc3+ Kg8 29. bxc5 e6 30. Rd1 Red8 31. Red4 Qa8 32. c6 Qc8 33. Qc5 e5 34. Rd5 Qb8 35. cxd7 Rxd7 36. Rxe5 1-0


[Site "https://www.chess.com"]

[Event "Titled Tuesday Blitz February 14 Early 2023"]
[White "Makhnev, Denis"]
[Black "Yurasova, Daria"]
[WhiteFideId "13707647"]
[BlackFideId "34146919"]
[WhiteElo "2483"]
[BlackElo "2095"]
[Result "1-0"]
[Round "11"]
[TimeControl "180+2"]
[Date "2023.02.14"]
[WhiteClock "0:00:52"]
[BlackClock "0:00:41"]

1. d4 d5 2. c4 dxc4 3. Nf3 Nf6 4. e3 e6 5. Bxc4 a6 6. O-O b5 7. Be2 Bb7 8. Ne5 Nbd7 9. Bf3 Bxf3 10. Qxf3 Nxe5 11. dxe5 Nd5 12. Rd1 Qc8 13. e4 Nb6 14. Qg3 g6 15. Bg5 Nd7 16. Nd2 Bg7 17. Nf3 O-O 18. h4 Nc5 19. Qf4 Re8 20. h5 Qb7 21. Rd4 c6 22. Rad1 Qc7 23. Rd6 Rf8 24. Bf6 h6 25. b4 Bxf6 26. exf6 g5 27. Nxg5 Nb7 28. Nxe6 fxe6 29. Qg4+ Kh8 30. Rd7 1-0


[Site "https://www.chess.com"]

[Event "Titled Tuesday Blitz February 14 Early 2023"]
[White "Narayanan.S.L"]
[Black "Vovk, Orest"]
[WhiteFideId "5058422"]
[BlackFideId "14113490"]
[WhiteElo "2660"]
[BlackElo "2315"]
[Result "1/2-1/2"]
[Round "11"]
[TimeControl "180+2"]
[Date "2023.02.14"]
[WhiteClock "0:01:13"]
[BlackClock "0:00:04"]

1. e4 g5 2. h4 g4 3. Qxg4 d5 4. Qd1 dxe4 5. Nc3 Nf6 6. d3 exd3 7. Bxd3 Nc6 8. Bg5 Bg7 9. Nge2 h6 10. Bf4 Nd5 11. Be4 Nxf4 12. Qxd8+ Kxd8 13. Nxf4 Bxc3+ 14. bxc3 Bd7 15. O-O-O Ke8 16. Rhe1 e6 17. Nd3 Rd8 18. Nc5 Bc8 19. Bxc6+ bxc6 20. c4 Rxd1+ 21. Rxd1 Ke7 22. Kb2 Rg8 23. g3 Rg4 24. Kc3 e5 25. Rb1 Be6 26. Nxe6 Kxe6 27. Rb7 Kd6 28. Rxa7 f5 29. Ra4 c5 30. Ra8 f4 31. Rd8+ Ke6 32. Re8+ Kd6 33. Rd8+ Ke6 34. Rd5 fxg3 35. fxg3 Rxg3+ 36. Kb2 Rh3 37. Rxc5 Kd6 38. Rd5+ Kc6 39. Rxe5 Rxh4 40. Kb3 Rh1 41. c5 h5 42. Kb4 h4 43. Rh5 h3 44. Kc4 h2 45. Rh6+ Kb7 46. a4 Ra1 47. Rxh2 Rxa4+ 48. Kb5 Ra2 49. c6+ Ka7 50. Kc5 Ra5+ 51. Kb4 Rg5 52. Rh6 Kb6 53. c4 Rc5 54. Rh8 Rxc6 55. Rh5 Rg6 56. Ra5 Rg1 57. Rb5+ Kc6 58. Rc5+ Kb6 59. Rf5 Rb1+ 60. Kc3 Rc1+ 61. Kb3 Rb1+ 62. Kc2 Rg1 63. Kc3 Rc1+ 64. Kb3 Rb1+ 65. Kc2 Rg1 66. Rb5+ Kc6 67. Rh5 Kb6 68. Kc3 Rc1+ 69. Kd4 Rd1+ 70. Ke4 Rc1 71. Kd5 Rd1+ 72. Ke6 c5 73. Rd5 Rd4 74. Rd6+ Ka5 75. Ke5 Rxc4 76. Kd5 Rc1 77. Rc6 Kb5 78. Rc8 c4 79. Rb8+ Ka4 80. Kd4 c3 81. Kc4 Ka5 82. Kc5 Ka6 83. Kc4 c2 84. Rb2 Ka5 85. Kc3 Rh1 86. Ra2+ Kb5 87. Rb2+ Kc5 88. Rxc2 Rh3+ 89. Kb2+ Kd6 90. Rc3 Rxc3 91. Kxc3 1/2-1/2


[Site "https://www.chess.com"]

[Event "Titled Tuesday Blitz February 14 Early 2023"]
[White "Baskakov, Egor"]
[Black "Kaidanov, Gregory"]
[WhiteFideId "24197866"]
[BlackFideId "2008564"]
[WhiteElo "2215"]
[BlackElo "2559"]
[Result "1-0"]
[Round "11"]
[TimeControl "180+2"]
[Date "2023.02.14"]
[WhiteClock "0:00:23"]
[BlackClock "0:00:02"]

1. e4 e5 2. Nc3 Nf6 3. g3 c6 4. Bg2 d5 5. exd5 cxd5 6. Nge2 d4 7. Ne4 Nxe4 8. Bxe4 Nc6 9. O-O Bh3 10. Re1 f5 11. Nf4 Bg4 12. Bf3 Bxf3 13. Qxf3 Qd7 14. d3 O-O-O 15. Ng2 Bb4 16. Rd1 Rde8 17. Bd2 e4 18. Qe2 exd3 19. Qxd3 Ne5 20. Qb3 Bxd2 21. Rxd2 Qc6 22. Ne1 Rd8 23. Rad1 Qe4 24. Qa4 Nc6 25. b4 d3 26. c3 a6 27. Nxd3 Rhe8 28. Nc5 Qf3 29. Rxd8+ Rxd8 30. Rxd8+ Kxd8 31. Qb3 Qe2 32. Qg8+ Kc7 33. Qxg7+ Ne7 34. Qd4 Qe1+ 35. Kg2 1-0


[Site "https://www.chess.com"]

[Event "Titled Tuesday Blitz February 14 Early 2023"]
[White "Prado Lobo, Jonas"]
[Black "Pakleza, Zbigniew"]
[WhiteFideId "32050666"]
[BlackFideId "1119290"]
[WhiteElo "2313"]
[BlackElo "2494"]
[Result "1-0"]
[Round "11"]
[TimeControl "180+2"]
[Date "2023.02.14"]
[WhiteClock "0:00:06"]
[BlackClock "0:00:01"]

1. d4 d6 2. e4 Nf6 3. Nc3 c6 4. f4 Qb6 5. Nf3 Bg4 6. Be2 Bxf3 7. Bxf3 e5 8. fxe5 dxe5 9. dxe5 Nfd7 10. e6 fxe6 11. Na4 Qa5+ 12. c3 b5 13. Bh5+ g6 14. Qg4 gxh5 15. Qxe6+ Kd8 16. Bg5+ Kc7 17. O-O-O bxa4 18. Bf4+ Kb7 19. Rxd7+ Nxd7 20. Qxd7+ Ka6 21. Qxc6+ Qb6 22. Qxa8 Ba3 23. Qxh8 Qxb2+ 24. Kd1 Qb1+ 25. Kd2 Qxh1 26. Qf6+ Kb7 27. Qf7+ Kb6 28. Qe6+ Kb7 29. Qd7+ Kb6 30. Bc7+ Kc5 31. Qd6+ Kb5 32. Qd7+ Kc4 33. Qd5# 1-0


[Site "https://www.chess.com"]

[Event "Titled Tuesday Blitz February 14 Early 2023"]
[White "Melian, Juan Sebastian"]
[Black "Tanenbaum, Zachary"]
[WhiteFideId "3706575"]
[BlackFideId "2060850"]
[WhiteElo "2293"]
[BlackElo "2261"]
[Result "0-1"]
[Round "11"]
[TimeControl "180+2"]
[Date "2023.02.14"]
[WhiteClock "0:00:02"]
[BlackClock "0:00:17"]

1. d4 d5 2. c4 dxc4 3. Nf3 Nf6 4. e3 Bg4 5. Bxc4 e6 6. O-O Nbd7 7. Qe2 Bd6 8. h3 Bh5 9. Rd1 Qe7 10. Nc3 O-O 11. e4 e5 12. d5 a6 13. a4 Nc5 14. Bg5 h6 15. Bh4 Bg6 16. Bd3 Nb3 17. Rab1 Rfe8 18. Bc2 Nd4 19. Qd3 Bh5 20. g4 Nxc2 21. Qxc2 Bg6 22. Qe2 h5 23. Kg2 hxg4 24. hxg4 Qd7 25. Nh2 Be7 26. Bg3 Bb4 27. f3 c6 28. Qc4 Bxc3 29. d6 Bd4 30. b4 b5 31. Qc2 Qxd6 32. Rd2 Qe6 33. Rbd1 Qc4 34. Qb1 bxa4 35. Rc2 Qb5 36. Nf1 Nxe4 0-1


[Site "https://www.chess.com"]

[Event "Titled Tuesday Blitz February 14 Early 2023"]
[White "Tan, Zhongyi"]
[Black "Mamedov, Edgar"]
[WhiteFideId "8603642"]
[BlackFideId "13739980"]
[WhiteElo "2517"]
[BlackElo "2193"]
[Result "1/2-1/2"]
[Round "11"]
[TimeControl "180+2"]
[Date "2023.02.14"]
[WhiteClock "0:00:07"]
[BlackClock "0:00:05"]

1. c4 c6 2. d4 d5 3. Nf3 Nf6 4. e3 e6 5. b3 Nbd7 6. Bb2 Bd6 7. Nbd2 O-O 8. Bd3 b6 9. O-O Bb7 10. Qe2 c5 11. cxd5 exd5 12. Rfd1 Qe7 13. Rac1 Ne4 14. Ba6 Bxa6 15. Qxa6 Ndf6 16. dxc5 Bxc5 17. Bd4 Ng4 18. Bxc5 bxc5 19. Rf1 Rfe8 20. Nxe4 dxe4 21. Nd2 Qe5 22. g3 Qh5 23. h4 Rad8 24. Qe2 Qf5 25. Nc4 h5 26. Rcd1 Qg6 27. Rxd8 Rxd8 28. Rc1 Rd3 29. Nb2 Rd5 30. Na4 Qd6 31. Rc2 Rd1+ 32. Kg2 c4 33. Nc3 cxb3 34. axb3 Rd3 35. Nxe4 Qd8 36. Ng5 Rxb3 37. Qc4 Rb7 38. Qc8 Rd7 39. Qxd8+ Rxd8 40. Rc7 Ra8 41. Nxf7 a5 42. Nd6 a4 43. Rc2 Ne5 44. Nb5 Nd3 45. Ra2 Nb4 46. Ra3 Nc2 47. Rc3 a3 48. Rxc2 a2 49. Rc1 a1=Q 50. Rxa1 Rxa1 51. Nd4 Kf7 52. Ne2 Ra2 53. Nf4 g6 54. Kf3 Kf6 55. Ne2 Ra3 56. Nd4 Rd3 57. Ke4 Rd2 58. f3 Rg2 59. Kf4 Rd2 60. Nc6 Rc2 61. Nd4 Rd2 62. Nb3 Rb2 63. Nc5 Rc2 64. Ne4+ Kf7 65. Ng5+ Kf6 66. e4 Re2 67. Nh7+ Kg7 68. Ng5 Kf6 69. Nh3 Re1 70. Nf2 Re2 71. Nd3 Ke6 72. Nc5+ Kf6 73. Nd3 Rd2 74. Nb4 Rb2 75. Nd5+ Kf7 76. Kg5 Rb3 77. Kf4 Rb2 78. Ne3 Rb3 79. Nc4 Kf6 80. Ne3 Kf7 81. Nd5 Ke6 82. Ne3 Kf7 1/2-1/2


[Site "https://www.chess.com"]

[Event "Titled Tuesday Blitz February 14 Early 2023"]
[White "Belov, Alexei"]
[Black "Cherniaiev, Tykhon"]
[WhiteFideId "4128206"]
[BlackFideId "14182360"]
[WhiteElo "2421"]
[BlackElo "2330"]
[Result "1/2-1/2"]
[Round "11"]
[TimeControl "180+2"]
[Date "2023.02.14"]
[WhiteClock "0:01:24"]
[BlackClock "0:00:54"]

1. e4 e5 2. Nf3 Nc6 3. Bb5 Nf6 4. O-O Nxe4 5. d4 Nd6 6. Bxc6 dxc6 7. dxe5 Nf5 8. Qxd8+ Kxd8 9. Rd1+ Ke8 10. Nc3 Be7 11. b3 Be6 12. Ne2 h5 13. Bb2 Rd8 14. Nf4 Rxd1+ 15. Rxd1 g5 16. Nxe6 fxe6 17. h3 c5 18. c4 g4 19. hxg4 hxg4 20. Nd2 g3 21. Ne4 gxf2+ 22. Kxf2 Nd4 23. Bxd4 cxd4 24. Rxd4 Rh5 25. Nf6+ Bxf6 26. exf6 Rf5+ 27. Ke3 Rxf6 28. g4 Rf1 29. Rf4 Rg1 30. Ke4 Ke7 31. Kf3 1/2-1/2


[Site "https://www.chess.com"]

[Event "Titled Tuesday Blitz February 14 Early 2023"]
[White "Golubev, Mikhail"]
[Black "Martinez Ramirez, Lennis"]
[WhiteFideId "14100983"]
[BlackFideId "3509079"]
[WhiteElo "2461"]
[BlackElo "2426"]
[Result "0-1"]
[Round "11"]
[TimeControl "180+2"]
[Date "2023.02.14"]
[WhiteClock "0:00:01"]
[BlackClock "0:00:42"]

1. e4 c5 2. Nf3 d6 3. d4 cxd4 4. Nxd4 Nf6 5. Nc3 a6 6. Bc4 e6 7. O-O Be7 8. Bb3 O-O 9. f4 Nbd7 10. Be3 Nc5 11. Qf3 Qc7 12. g4 b5 13. g5 Nfxe4 14. Nxe4 Bb7 15. Nxe6 fxe6 16. Nxc5 Bxf3 17. Nxe6 Qa5 18. Nxf8+ Kxf8 19. Rxf3 d5 20. f5 Qc7 21. Kg2 Bc5 22. Bf4 Qc6 23. f6 Re8 24. Rd1 d4 25. c3 Re2+ 26. Kg3 gxf6 27. gxf6 Rxb2 28. Bh6+ Ke8 29. f7+ Kd7 30. Rxd4+ Kc7 31. Bf4+ Kb6 32. Rd8 Qg6+ 33. Kh3 Qg2+ 34. Kh4 Be7+ 35. Kh5 Qg6# 0-1


[Site "https://www.chess.com"]

[Event "Titled Tuesday Blitz February 14 Early 2023"]
[White "Ibadov, Dashgyn"]
[Black "Dehtiarov, Roman"]
[WhiteFideId "24107514"]
[BlackFideId "14186640"]
[WhiteElo "2391"]
[BlackElo "2289"]
[Result "1-0"]
[Round "11"]
[TimeControl "180+2"]
[Date "2023.02.14"]
[WhiteClock "0:00:54"]
[BlackClock "0:00:20"]

1. e4 e5 2. Nf3 Nc6 3. d4 exd4 4. Nxd4 Nf6 5. Nxc6 bxc6 6. e5 Nd5 7. c4 Nb6 8. Bd3 Bb4+ 9. Nc3 Qe7 10. O-O Bb7 11. Ne4 h6 12. a3 Bc5 13. Nxc5 Qxc5 14. b4 Qe7 15. Bb2 c5 16. Qg4 O-O-O 17. a4 cxb4 18. a5 Na8 19. Be4 Bxe4 20. Qxe4 c6 21. Qe3 Kb8 22. Bd4 a6 23. Rfb1 Nc7 24. Bc5 Qe6 25. Rxb4+ Ka8 26. Bd6 Rb8 27. Rxb8+ Rxb8 28. Bxc7 Rb4 29. Bd6 Rb7 30. h3 Qxc4 31. Qg3 g6 32. Qf3 Rb3 33. Qf6 Rb7 34. Qd8+ Ka7 35. Bc7 Qd4 36. Bb6+ Rxb6 37. axb6+ Qxb6 38. Qxd7+ Qb7 39. Rd1 a5 40. Qxb7+ Kxb7 41. Rd7+ Kb6 42. Rxf7 a4 43. e6 a3 44. Rf3 1-0


[Site "https://www.chess.com"]

[Event "Titled Tuesday Blitz February 14 Early 2023"]
[White "Berezin, Viktor"]
[Black "Stoleriu, George"]
[WhiteFideId "14107872"]
[BlackFideId "1227505"]
[WhiteElo "2307"]
[BlackElo "2390"]
[Result "0-1"]
[Round "11"]
[TimeControl "180+2"]
[Date "2023.02.14"]
[WhiteClock "0:00:51"]
[BlackClock "0:00:11"]

1. d4 e6 2. c4 b6 3. Nf3 Bb7 4. g3 Bb4+ 5. Nbd2 f5 6. Bg2 Nf6 7. O-O O-O 8. a3 Bxd2 9. Nxd2 Bxg2 10. Kxg2 a5 11. b3 Qe7 12. Nf3 Ne4 13. Bb2 d6 14. Qc2 Nd7 15. b4 Ndf6 16. Rac1 g5 17. c5 g4 18. Nd2 Nxd2 19. Qxd2 Ne4 20. Qf4 axb4 21. axb4 Ra2 22. Rc2 e5 23. dxe5 dxe5 24. Qe3 Qe6 25. f3 Nf6 26. Rfc1 f4 27. Qxe5 Qxe5 28. Bxe5 Rxc2 29. Rxc2 Nd5 30. Bxf4 Rxf4 31. gxf4 Ne3+ 32. Kf2 Nxc2 33. cxb6 cxb6 34. fxg4 Nxb4 35. Ke3 Kf7 36. Kd4 Ke6 37. e4 Nc2+ 38. Kd3 Ne1+ 39. Ke3 Ng2+ 40. Kf3 b5 41. e5 b4 42. Ke4 Nxf4 0-1


[Site "https://www.chess.com"]

[Event "Titled Tuesday Blitz February 14 Early 2023"]
[White "Gimenez Aguirre, Alejo Ismael"]
[Black "Klabis, Rokas"]
[WhiteFideId "32041667"]
[BlackFideId "12805246"]
[WhiteElo "2273"]
[BlackElo "2415"]
[Result "1-0"]
[Round "11"]
[TimeControl "180+2"]
[Date "2023.02.14"]
[WhiteClock "0:01:21"]
[BlackClock "0:01:49"]

1. e4 e5 2. Nf3 Nc6 3. Bb5 g6 4. O-O Bg7 5. Re1 a6 6. Ba4 b5 7. Bb3 Nf6 8. h3 O-O 9. c3 d6 10. d4 exd4 11. cxd4 Na5 12. Bc2 c5 13. Nc3 Re8 14. a3 Bb7 15. Bg5 h6 16. Bh4 Nc4 17. Qb1 g5 18. Bg3 Nh5 19. dxc5 Nxg3 20. fxg3 dxc5 21. Bb3 Nd2 22. Nxd2 Qxd2 23. Qc1 c4 24. Qxd2 1-0


[Site "https://www.chess.com"]

[Event "Titled Tuesday Blitz February 14 Early 2023"]
[White "Girsh, Daniel"]
[Black "Liyanage, Ranindu Dilshan"]
[WhiteFideId "30949190"]
[BlackFideId "9915834"]
[WhiteElo "2123"]
[BlackElo "2342"]
[Result "0-1"]
[Round "11"]
[TimeControl "180+2"]
[Date "2023.02.14"]
[WhiteClock "0:00:04"]
[BlackClock "0:00:26"]

1. e4 e5 2. Nf3 Nc6 3. Bb5 a6 4. Ba4 Nf6 5. d4 exd4 6. e5 Ne4 7. O-O d5 8. exd6 Nxd6 9. Nxd4 Bd7 10. Re1+ Be7 11. Bxc6 bxc6 12. Qe2 c5 13. Nb3 Bb5 14. Qg4 O-O 15. Nxc5 Bf6 16. Nc3 Bc6 17. Bf4 Qb8 18. Bxd6 cxd6 19. N5e4 Be5 20. Qh3 Qxb2 21. Rab1 Qa3 22. Re3 Qa5 23. Rd1 Rab8 24. g4 Rfe8 25. Nxd6 Bxd6 26. Rxd6 Rxe3 27. Qxe3 Qxc3 28. Rd3 Rb1+ 0-1


[Site "https://www.chess.com"]

[Event "Titled Tuesday Blitz February 14 Early 2023"]
[White "Morefield, Jason"]
[Black "Kanyamarala, Tarun"]
[WhiteFideId "30920825"]
[BlackFideId "45004714"]
[WhiteElo "2167"]
[BlackElo "2342"]
[Result "0-1"]
[Round "11"]
[TimeControl "180+2"]
[Date "2023.02.14"]
[WhiteClock "0:00:02"]
[BlackClock "0:00:03"]

1. e4 c5 2. Nf3 Nc6 3. d4 cxd4 4. Nxd4 Nf6 5. Nc3 d6 6. Bg5 e6 7. Qd2 a6 8. O-O-O Be7 9. Kb1 Nxd4 10. Qxd4 b5 11. f4 Bb7 12. a3 h6 13. Bh4 O-O 14. Be2 Rc8 15. Bf3 Rc4 16. Qd3 Qa8 17. e5 dxe5 18. Bxb7 Qxb7 19. fxe5 Rxh4 20. exf6 Bxf6 21. g3 Rc4 22. Ne2 Rfc8 23. c3 a5 24. Rc1 Rd8 25. Qc2 b4 26. Ka2 bxa3 27. b3 Re4 28. Rhd1 Rc8 29. Rd3 a4 30. b4 Rxb4 31. cxb4 Rxc2+ 32. Rxc2 Qxb4 33. Rxa3 Qe4 34. Kb1 Be7 35. Rc3 a3 36. Ka2 Qd5+ 37. Rc4 h5 38. Nc1 Bf6 39. Kxa3 Qa5+ 40. Kb3 Qb5+ 41. Rb4 Qd5+ 42. Rcc4 Qg2 43. Rc2 Qf3+ 44. Ka2 h4 45. Rb3 Qa8+ 46. Ra3 Qd5+ 47. Kb1 hxg3 48. hxg3 Kh7 49. Ne2 Qb5+ 50. Kc1 Bg5+ 51. Kd1 Qb1+ 52. Nc1 Qb8 53. Rf3 Qb7 54. Ke2 Qe4+ 0-1


[Site "https://www.chess.com"]